 Dungeon Crawl Stone Soup version 0.21.1-1-g345015fe64 (webtiles) character file.

294 LevaFresel the Bolt Thrower (level 6, 0/37 HPs)
             Began as a Kobold Hunter on June 9, 2018.
             Slain by Grinder (2 damage)
             ... on level 3 of the Dungeon.
             The game lasted 00:17:16 (3631 turns).

LevaFresel the Bolt Thrower (Kobold Hunter)         Turns: 3631, Time: 00:17:17

Health: 0/37       AC:  3    Str: 11    XL:     6   Next: 60%
Magic:  6/6        EV: 16    Int: 12    God:
Gold:   178        SH:  0    Dex: 16    Spells: 5/5 levels left

rFire    . . .     SeeInvis .   a - +1 hand crossbow
rCold    . . .     Gourm    .   (shield restricted)
rNeg     . . .     Faith    .   c - +0 leather armour
rPois    .         Spirit   .   (no helmet)
rElec    .         Reflect  .   (no cloak)
rCorr    .         Harm     .   (no gloves)
MR       .....                  (no boots)
Stlth    ++........             (no amulet)
HPRegen  0.12/turn              (no ring)
MPRegen  0.10/turn              (no ring)

@: no status effects
A: small, carnivore
a: no special abilities


You were on level 3 of the Dungeon.
You were very full.

You visited 1 branch of the dungeon, and saw 4 of its levels.

You collected 178 gold pieces.

Inventory:

Hand Weapons
 a - a +1 hand crossbow (weapon)
 b - a +0 short sword
 j - a +1 hand axe of distortion
Missiles
 d - 35 bolts (quivered)
 s - 7 javelins
Armour
 c - a +0 leather armour (worn)
 g - a +0 ring mail
 i - a +0 chain mail
 k - a +0 buckler
Jewellery
 y - a +5 ring of strength {unknown}
Scrolls
 e - 2 scrolls of magic mapping
 l - a scroll of amnesia
 m - a scroll of remove curse {unknown}
 n - 3 scrolls of identify {unknown}
 o - a scroll of enchant weapon {unknown}
 r - 2 scrolls of teleportation {unknown}
 t - a scroll of random uselessness {unknown}
 w - a scroll of enchant armour {unknown}
 z - a scroll of blinking {unknown}
Potions
 h - a potion of degeneration {unknown}
 p - a potion of ambrosia {unknown}
 q - a potion of brilliance {unknown}
 u - 2 potions of curing {unknown}
Books
 v - a book of Conjurations

   Spells                             Type                      Level
   a - Magic Dart                     Conjuration                  1
   b - Searing Ray                    Conjuration                  2
   c - Dazzling Spray                 Conjuration/Hexes            3
   d - Fulminant Prism                Conjuration/Hexes            4
   e - Force Lance                    Conjuration/Translocation    4
   f - Iskenderun's Mystic Blast      Conjuration                  4
Comestibles
 f - 5 rations
 x - 7 chunks of flesh


   Skills:
 + Level 3.3 Fighting
 + Level 2.8 Short Blades
 * Level 6.4 Crossbows
 + Level 1.7 Armour
 + Level 3.8 Dodging
 - Level 2.0 Stealth


You had 5 spell levels left.
You didn't know any spells.

Dungeon Overview and Level Annotations

Branches:
Dungeon (4/15)
 Temple: D:4-7

Altars:
Elyvilon
Fedhas

Annotations:
D:3 Grinder


Innate Abilities, Weirdness & Mutations

You are small and have problems with some larger weapons.
You are carnivorous and can eat meat at any time.


Message History

You shoot a bolt.
The bolt hits Grinder but does no damage.
Grinder hits you.
You writhe in agony.
Firing (i - inventory):
d - 37 bolts (quivered)
Press: ? - help, Shift-Dir - straight line, f/p - Grinder
Aim: Grinder You shoot a bolt.
The bolt closely misses Grinder.
Grinder hits you.
You writhe in agony.
Grinder hits you.
You writhe in agony.
* * * LOW HITPOINT WARNING * * *
Firing (i - inventory):
d - 36 bolts (quivered)
Press: ? - help, Shift-Dir - straight line, f/p - Grinder
Aim: Grinder You shoot a bolt.
The bolt closely misses Grinder.
Grinder hits you.
* * * LOW HITPOINT WARNING * * *
You writhe in agony.
* * * LOW HITPOINT WARNING * * *
As you read the scroll labeled CUNITS IQEG, it crumbles to dust.
It is a scroll of amnesia.
You feel forgetful for a moment. Grinder hits you.
You die...

*,,,,**
*.####...........
*,,,,*****
*................
****,,,,,*
*.#**#.....###...
*****,* *.#
#........>[. #,* #.#
#........รท..
#.####.####...........
#.#......##.....(.....
#........##...........
*#(..@5.(#............
#.........#..##......
#......(###.#########
#.......# #.#
##......# #.#
#......###.###
#.......#....#
#######......#
###....#


You could see Grinder.

Vanquished Creatures
  An ogre (D:3)
  Natasha (thrice) (D:2)
  4 adders
  2 worms
  3 dart slugs
  5 leopard geckos
  10 orcs
  8 hobgoblins
  6 jackals
  11 kobolds
  2 quokkas
  A ball python (D:1)
  9 bats
  4 frilled lizards
  5 goblins
  6 rats
80 creatures vanquished.

Notes
Turn   | Place    | Note
-------+----------+-------------------------------------------
     0 | D:1      | LevaFresel the Kobold Hunter began the quest for the Orb.
     0 | D:1      | Reached XP level 1. HP: 12/12 MP: 1/1
   317 | D:1      | Reached skill level 5 in Crossbows
   317 | D:1      | Reached XP level 2. HP: 16/17 MP: 2/2
   696 | D:2      | Reached skill level 1 in Short Blades
  1047 | D:1      | Reached XP level 3. HP: 22/22 MP: 3/3
  1733 | D:2      | Noticed Natasha
  1735 | D:2      | Killed Natasha
  1735 | D:2      | Reached XP level 4. HP: 27/27 MP: 4/4
  1854 | D:2      | Reached skill level 1 in Armour
  1908 | D:2      | Noticed Natasha
  1914 | D:2      | Killed Natasha
  1914 | D:2      | Reached XP level 5. HP: 11/32 MP: 5/5
  2235 | D:2      | Found a blossoming altar of Fedhas.
  2360 | D:2      | Found a white marble altar of Elyvilon.
  2565 | D:2      | Noticed Natasha
  2569 | D:2      | Killed Natasha
  2569 | D:2      | Reached skill level 6 in Crossbows
  2976 | D:3      | Noticed an ogre
  2992 | D:3      | Killed an ogre
  2992 | D:3      | Reached XP level 6. HP: 37/37 MP: 6/6
  3616 | D:4      | Noticed Grinder
  3617 | D:4      | Paralysed by Grinder for 6 turns
  3631 | D:3      | Slain by Grinder

Skill      XL: |  1  2  3  4  5 |
---------------+----------------+-----
Crossbows      | 5 6 |  6.4
Short Blades   | 1 2 |  2.8
Stealth        | 2 |  2.0
Dodging        | 3 |  3.8
Armour         | 1 |  1.7
Fighting       | 3 |  3.3

Action                   |  1- 3 |  4- 6 || total
-------------------------+-------+-------++-------
Melee: Short sword       |    66 |    60 ||   126
 Fire: Hunting sling     |    11 |       ||    11
       Hand crossbow     |    22 |   100 ||   122
Throw: Stone             |    11 |     1 ||    12
  Use: Scroll            |       |     2 ||     2
 Stab: Sleeping          |     2 |     1 ||     3
  Eat: Chunk             |     7 |     9 ||    16
Armor: Leather armour    |    20 |    13 ||    33
Dodge: Dodged            |    57 |    92 ||   149
